 Dungeon Crawl Stone Soup version 0.20.1-1-g8b1a95d (webtiles) character file.

74 vishdafish the Digger (level 4, -3/39 HPs)
             Began as a Troll Earth Elementalist on July 14, 2017.
             Slain by a gnoll
             ... wielding a +0 flail
              (5 damage)
             ... on level 2 of the Dungeon.
             The game lasted 00:02:08 (990 turns).

vishdafish the Digger (Troll Earth Elementalist)     Turns: 990, Time: 00:02:09

Health: -3/39      AC:  5    Str: 16    XL:     4   Next: 9%
Magic:  5/5        EV:  9    Int: 12    God:
Gold:   93         SH:  0    Dex: 10    Spells: 5/6 levels left

rFire    . . .     SeeInvis .   (no weapon)
rCold    . . .     Gourm    +   (no shield)
rNeg     . . .     Faith    .   c - +0 robe
rPois    .         Spirit   .   (helmet restricted)
rElec    .         Reflect  .   (no cloak)
rCorr    .         Harm     .   (gloves unavailable)
MR       .....                  (boots unavailable)
Stlth    +.........             (no amulet)
Regen    0.6/turn               (no ring)
MPRegen  0.1/turn               (no ring)

@: heavily drained
A: unfitting armour, claws 3, fast metabolism 3, gourmand, regeneration 1,
shaggy fur 1, tough skin 2
a: no special abilities


You were on level 2 of the Dungeon.
You were not hungry.

You visited 1 branch of the dungeon, and saw 2 of its levels.

You collected 93 gold pieces.

Inventory:

Missiles
 b - 66 stones (quivered)
Armour
 c - a +0 robe (worn)
Scrolls
 a - a scroll of remove curse {unknown}
 f - a scroll of magic mapping
 g - 2 scrolls of teleportation
 j - a scroll of fog {unknown}
Potions
 h - a potion of brilliance
Books
 e - a book of Geomancy

   Spells                             Type                      Level
   a - Sandblast                      Earth                        1
   b - Passwall                       Transmutation/Earth          2
   c - Stone Arrow                    Conjuration/Earth            3
   d - Petrify                        Transmutation/Earth          4
   e - Lee's Rapid Deconstruction     Earth                        5
Comestibles
 d - 3 bread rations
 k - a royal jelly


   Skills:
 - Level 1.5(0.4) Dodging
 - Level 1.0(0.0) Stealth
 * Level 1.8(0.7) Unarmed Combat
 + Level 1.8(0.7) Spellcasting
   Level 0.6(0.0) Transmutations
 * Level 3.5(2.4) Earth Magic


You had 5 spell levels left.
You knew the following spells:

 Your Spells              Type           Power        Failure   Level  Hunger
a - Sandblast             Erth           #.....       12%         1    ##.....


Dungeon Overview and Level Annotations

Branches:
Dungeon (2/15)

Altars:
Ashenzari


Innate Abilities, Weirdness & Mutations

You are too large for most types of armour.
You have claws for hands.
Your metabolism is lightning-fast.
You like to eat raw meat.
Your natural rate of healing is unusually fast.
You are covered in fur. (AC +1)
You have very tough skin. (AC +2)


Message History

You are too injured to fight recklessly!
You are too injured to fight recklessly!
You are too injured to fight recklessly!
You are too injured to fight recklessly!
You are too injured to fight recklessly!
You are too injured to fight recklessly!
You are too injured to fight recklessly!
You are too injured to fight recklessly!
You are too injured to fight recklessly!
You are too injured to fight recklessly!
You are too injured to fight recklessly!
You barely miss the gnoll.
The gnoll is heavily wounded.
The gnoll hits you with a club!
* * * LOW HITPOINT WARNING * * *
The gnoll barely misses you.
You feel better. The gnoll hits you with a club!
* * * LOW HITPOINT WARNING * * *
The gnoll hits you with a flail.
You die...

#.##..# ###..#.....#########
##.###.###
##........))...... ##..#
#...######.#...######...
...## #.#...####.#g### .###
#.##.......†.###### .#
##.....####.#.#....#
.#####...##.# ##.#...#.##
....##..###.###.g#.....#
###.....###.##..@...#.## #
##..[..........#g###.# #.#
##..#....##....##.#
#.###...#
...##.#...#..####.# #.....#
#####.#.#.......#.###†..###
###...#.#.......#.#...#..#
....###.##......#...####...#
.#### #.##..#####.### ##..#
.# .._###.### #.# #.#


You could see 2 gnolls.

Vanquished Creatures
  2 gnolls (D:2)
  An adder (D:2)
  2 dart slugs
  2 leopard geckos
  A ball python (D:1)
  A giant cockroach (D:1)
  3 goblins (D:1)
  4 hobgoblins
  4 jackals (D:2)
  5 bats
  4 frilled lizards
  6 kobolds
  3 rats
38 creatures vanquished.

Notes
Turn   | Place    | Note
-------+----------+-------------------------------------------
     0 | D:1      | vishdafish the Troll Earth Elementalist began the quest for the Orb.
     0 | D:1      | Reached XP level 1. HP: 16/16 MP: 1/1
    93 | D:1      | Reached skill level 1 in Unarmed Combat
    95 | D:1      | Reached XP level 2. HP: 24/24 MP: 3/3
   111 | D:1      | Found a shattered altar of Ashenzari.
   240 | D:1      | Reached skill level 3 in Earth Magic
   532 | D:2      | Reached XP level 3. HP: 16/31 MP: 4/4
   717 | D:2      | Found a shattered altar of Ashenzari.
   930 | D:2      | Reached XP level 4. HP: 14/39 MP: 5/5
   990 | D:2      | Slain by a gnoll

Skill      XL: |  1  2 |
---------------+-------+-----
Unarmed Combat | 1 |  1.8
Earth Magic    | 3 |  3.5
Dodging        | |  1.5
Stealth        | |  1.0
Spellcasting   | |  1.8
Transmutations | |  0.6

Action                   |  1- 3 |  4- 6 || total
-------------------------+-------+-------++-------
Melee: Unarmed           |   132 |    11 ||   143
  Use: Scroll            |     4 |       ||     4
       Potion            |       |     1 ||     1
  Eat: Chunk             |     7 |     1 ||     8
Armor: Robe              |    79 |     6 ||    85
Dodge: Dodged            |    99 |     5 ||   104
